 Dungeon Crawl Stone Soup version 0.31-a0-626-g8143ab4f1d (webtiles) character file.

Game seed: 16086550778575250892

602 LeprechaunX the Changeling (level 7, -17/46 HPs)
             Began as an Octopode Shapeshifter on Aug 24, 2023.
             Demolished by an ogre
             ... wielding a +0 giant club
              (32 damage)
             ... on level 4 of the Dungeon.
             The game lasted 00:02:45 (2731 turns).

LeprechaunX the Changeling (Octopode Shapeshifter)  Turns: 2731, Time: 00:02:45

Health: -17/46     AC:  5    Str: 17    XL:     7   Next: 41%
Magic:  7/7        EV: 13    Int: 10    God:
Gold:   149        SH:  4    Dex: 12    Spells: 6/6 levels left

rFire   . .          .
                       - Unarmed
rCold   . . .        o - +0 buckler
rNeg    . . .        (helmet currently unavailable)
rPois   .            (no amulet)
rElec   .            i - +4 ring of protection
rCorr   .            (no ring)
SInv    .            (no ring)
Will    .....        (no ring)
Stlth   ++           (no ring)
HPRegen 0.27/turn    (no ring)
MPRegen 0.10/turn    (no ring)
                     (no ring)

%: no passive effects
@: beast-form
A: beast (slay +3), almost no armour, amphibious, 8 rings, camouflage 1,
gelatinous body 1, (nimble swimmer 1), tentacles
a: Begin Untransformation


You were on level 4 of the Dungeon.
You were a hulking beast.
You visited 1 branch of the dungeon, and saw 4 of its levels.

You collected 149 gold pieces.

Inventory:

Missiles
 f - 11 boomerangs (quivered)
Armour
 o - a +0 buckler (worn)
Jewellery
 i - a +4 ring of protection (left tentacle)
 k - a ring of ice
Talismans
 b - a beast talisman (active)
 c - a flux talisman
Wands
 h - a wand of digging (6)
 l - a wand of flame (27)
Scrolls
 e - a scroll of amnesia {unknown}
 g - a scroll of teleportation {unknown}
 j - 2 scrolls of identify {unknown}
 m - a scroll of revelation {unknown}
 n - a scroll of blinking {unknown}
Potions
 a - a potion of lignification
 d - 3 potions of curing {unknown}


   Skills:
 + Level 3.3 Fighting
 + Level 3.8 Dodging
 + Level 1.0 Shields
 + Level 4.5 Unarmed Combat
 * Level 5.3 Shapeshifting


You had 6 spell levels left.
You didn't know any spells.
Your spell library was empty.

Dungeon Overview and Level Annotations

Branches:
Dungeon (4/15)
 Temple: D:4-7

Altars:


Innate Abilities, Weirdness & Mutations

You are a hulking beast.
Your limbs bulge with bestial killing power. (Slay +3)
You cannot wear most types of armour.
You are amphibious.
You can wear up to eight rings at the same time.
Your skin changes colour to match your surroundings (Stealth+).
Your rubbery body absorbs attacks. (AC +1, EV +1)
((You are camouflaged when in or above water. (Stealth+)))
You have tentacles for arms and can constrict up to eight enemies at once.


Message History

The bullfrog closely misses you. The hobgoblin hits you.
There is a stone staircase leading up here.
A black bear comes into view.
The black bear growls angrily.
An orc comes into view. It is wielding a +0 trident.
The bullfrog snags a nearby butterfly with its tongue.
The bullfrog hits you.
The hobgoblin attacks as it pursues you!
The hobgoblin hits you.
The hobgoblin attacks as it pursues you!
You block the hobgoblin's attack.
The bullfrog hits you but does no damage.
You miss the bullfrog. You grab the bullfrog. You constrict the bullfrog.
The bullfrog hits you. The bullfrog barely misses you.
You release your grip on the bullfrog.
The bullfrog attacks as it pursues you! The bullfrog hits you.
You block the bullfrog's attack.
You barely miss the bullfrog. Your grab misses the bullfrog.
You squeeze the bullfrog!
The bullfrog is heavily wounded.
The bullfrog barely misses you. x2
You closely miss the bullfrog. You grab the bullfrog.
The bullfrog is heavily wounded.
You constrict the bullfrog. You block the bullfrog's attack.
You bludgeon the bullfrog!
You kill the bullfrog!
Your Shields skill increases to level 1!
You tentacle-slap the ogre. Your squeeze misses the ogre.
The ogre is lightly wounded.
The ogre hits you with a +0 giant club!!
You bludgeon the ogre! You squeeze the ogre.
The ogre is heavily wounded.
The ogre barely misses you.
You bludgeon the ogre!
The ogre is almost dead.
You closely miss the ogre.
The ogre is almost dead.
The ogre hits you with a +0 giant club!!
Ouch! That really hurt!
You die...

#######............##
#.........).........##
#....................#
#.....................
#######........##...........
......#........B#.h.........
....#........<#gO............
....###.......####o..........
................hOg..........
....##........####B.........#
....###.......# #.........#
###.#.........####.........##
#........##...............#
##.......#.................
##........................
#..........(.............
#........................


You could see an ogre, an orc, a giant cockroach and a hobgoblin.

Vanquished Creatures
  Sigmund (D:3)
  A bullfrog (D:4)
  A scorpion (D:4)
  2 orc priests (D:3)
  A hound (D:3)
  Ijyb (D:3)
  2 orc wizards (D:3)
  A gnoll (D:3)
  7 adders
  A worm (D:4)
  8 orcs
  4 ball pythons
  7 endoplasms
  3 giant cockroaches
  10 goblins
  2 hobgoblins (D:3)
  2 kobolds
  A quokka (D:1)
  5 bats
  4 rats
64 creatures vanquished.

Notes
Turn   | Place    | Note
-------+----------+-------------------------------------------
     0 | D:1      | LeprechaunX the Octopode Shapeshifter began the quest for
                  | the Orb.
     0 | D:1      | Reached XP level 1. HP: 13/13 MP: 1/1
   316 | D:1      | Reached XP level 2. HP: 18/18 MP: 2/2
   724 | D:2      | Reached XP level 3. HP: 15/23 MP: 3/3
  1472 | D:2      | Identified the +8 dagger of Qyusuuph {protect, rN+++ rCorr
                  | Str-5 Dex-4}
  1592 | D:3      | Noticed Sigmund
  1603 | D:3      | Killed Sigmund
  1604 | D:3      | Reached skill level 4 in Shapeshifting
  1604 | D:3      | Reached XP level 4. HP: 30/30 MP: 4/4
  1604 | D:3      | Reached XP level 5. HP: 35/35 MP: 5/5
  1604 | D:3      | Reached XP level 6. HP: 41/41 MP: 6/6
  1722 | D:3      | Noticed Ijyb
  1729 | D:3      | Killed Ijyb
  2463 | D:3      | Reached skill level 5 in Shapeshifting
  2610 | D:4      | Reached XP level 7. HP: 46/46 MP: 7/7
  2728 | D:4      | Reached skill level 1 in Shields
  2731 | D:4      | Demolished by an ogre

Illustrated notes

Levels and vault maps discovered:
D:1:      elethiomel_arrival_maze, layout_basic, serial_corexii_hall,
          corexii_hall_statues_i, corexii_hall_statues_t
D:2:      layout_basic, chequers_serial_rivers_room_a
D:3:      layout_basic, serial_bayou_pond_e, kennysheep_generic_room_6,
          uniq_ijyb, uniq_sigmund
D:4:      layout_rooms, nicolae_yredelemnul_ghost_church,
          minmay_manual_monstrance, uniq_grinder

Skill      XL: |  1  2  3  4  5  6  7 |
---------------+----------------------+-----
Fighting       | 2 3 |  3.3
Dodging        | 3 |  3.8
Unarmed Combat | 4 |  4.5
Shapeshifting  | 4 5 |  5.3
Shields        | 1 |  1.0

Action                     |  1- 3 |  4- 6 |  7- 9 || total
---------------------------+-------+-------+-------++-------
  Melee: Unarmed           |    60 |    58 |    20 ||   138
         Tentacles         |    13 |     9 |     4 ||    26
         Constrict         |    11 |    16 |     7 ||    34
         Punch             |       |     4 |     1 ||     5
   Stab: Sleeping          |    11 |     4 |       ||    15
 Armour: Skin              |     1 |     2 |     5 ||     8
  Dodge: Dodged            |    28 |    33 |    12 ||    73
  Block: Buckler           |       |       |     5 ||     5

Table legend: (Time is in decaauts)
 A = Elapsed time spent in this place.
 B = Non-inter-level travel time spent in this place.
 C = Inter-level travel time spent in this place.
 D = Time resting spent in this place.
 E = Time spent auto-exploring this place.
 F = Levels seen in this place.
 G = Mean time per level.
                   A        B        C        D        E       F      G
               +--------+--------+--------+--------+--------+-----+--------+
         Total |   2723 |   2549 |    174 |     42 |   2111 |   4 |  680.8 |
       Dungeon |   2723 |   2549 |    174 |     42 |   2111 |   4 |  680.8 |
               +--------+--------+--------+--------+--------+-----+--------+

Top non-repeatable levels by time:
     D:3: 1046 daAuts
     D:2: 867 daAuts
     D:1: 717 daAuts
     D:4: 92 daAuts
